Map: Tours du crépuscule

Players

zidar - Winner!

  • Race: Zerg Zerg
  • League: Gold
  • Spawn Location: 1:00

aka

  • Race: Terran Terran
  • League: Gold
  • Spawn Location: 7:00

VOD

Have the link to the VOD?

Description

Time

  • Played on: June 11, 2016, 8:28 a.m.
  • Length: 15:49
Show
View Real Time Build Order
Export as new Build Order

zidar Zerg - Winner!

Build Orders: Hatch First, Muta Ling Bane 

Get SALT Encoding   

  12  0:01  Drone  
  13  0:12  Overlord  
  13  0:17  Drone  
  14  0:30  Drone x2  
  14  0:34  Drone  
  17  0:57  Hatchery  
  17  0:58  Drone  
  17  1:04  Drone  
  17  1:07  Extractor  
  17  1:28  Spawning Pool, Drone  
  17  1:32  Drone  
  18  1:34  Overlord  
  18  1:46  Drone  
  19  1:50  Drone  
  20  2:03  Drone  
  21  2:15  Queen  
  22  2:16  Queen  
  22  2:18  Zergling x2  
  22  2:19  Zergling x2  
  26  2:33  Metabolic Boost  
  25  3:11  Pneumatized Carapace  
  25  3:19  Overlord x2  
  25  3:22  Drone x4  
  25  3:25  Hatchery  
  28  3:32  Drone x3  
  31  3:46  Lair  
  31  4:03  Drone  
  31  4:04  Drone x5  
  37  4:11  Queen  
  39  4:25  Baneling Nest  
  39  4:29  Zergling x2  
  39  4:30  Zergling x12  
  40  5:14  Zergling x8  
  40  5:15  Zergling x4  
  46  5:34  Centrifical Hooks  
  46  5:37  Evolution Chamber  
  45  5:45  Baneling  
  45  5:46  Baneling  
  45  5:53  Extractor  
  45  5:56  Extractor  
  43  5:58  Overlord x4  
  43  5:59  Overlord, Extractor  
  42  6:25  Drone x5  
  46  6:36  Drone x7  
  53  6:52  Overlord x4  
  53  7:04  Spire  
  53  7:08  Evolution Chamber, Zerg Melee Weapons Level 1  
  51  7:11  Baneling  
  51  7:14  Drone x7  
  51  7:15  Drone x9  
  58  7:42  Queen  
  60  7:48  Zergling x18  
  55  8:20  Spore Crawler  
  46  8:27  Zergling x2  
  46  8:28  Zergling x16  
  44  9:01  Queen  
  46  9:03  Drone x9  
  46  9:04  Drone  
  56  9:15  Zergling x6  
  59  9:21  Mutalisk  
  61  9:33  Zergling x6  
  61  9:35  Baneling x5  
  61  9:36  Baneling  
  64  9:40  Mutalisk x3  
  70  9:47  Zerg Ground Armor Level 1  
  70  9:48  Zerg Melee Weapons Level 2  
  70  10:05  Zergling x18  
  79  10:11  Baneling x4  
  79  10:15  Drone x4  
  79  10:18  Extractor  
  82  10:23  Extractor  
  82  10:25  Extractor  
  80  10:30  Infestation Pit  
  80  10:34  Zerg Flyer Weapons Level 1  
  79  10:49  Zergling x14  
  90  10:50  Zergling x20  
  90  10:53  Baneling  
  90  10:54  Baneling x3  
  90  10:55  Baneling x2  
  96  11:20  Drone x6  
  96  11:23  Hive  
  102  11:30  Queen  
  104  11:36  Drone  
  85  12:09  Baneling x7  
  85  12:11  Drone x3  
  85  12:12  Drone  
  89  12:31  Hatchery, Drone x9  
  97  12:41  Zerg Ground Armor Level 2  
  97  12:42  Zerg Melee Weapons Level 3  
  97  12:43  Adrenal Glands  
  97  12:51  Ultralisk Cavern  
  96  12:59  Hatchery  
  95  13:26  Zerg Flyer Weapons Level 2  
  95  13:27  Mutalisk  
  95  13:29  Overlord x2  
  95  13:30  Overlord x3  
  95  13:31  Overlord x3  
  95  13:32  Overlord  
  97  14:16  Zergling x12  
  97  14:17  Zergling x16  
  110  14:18  Zergling x14  
  118  14:26  Ultralisk x3  
  118  14:27  Ultralisk x4  
  155  14:44  Corruptor x3  
  155  14:45  Corruptor x4  
  169  14:58  Ultralisk Cavern  
Show
View Real Time Build Order
Export as new Build Order

aka Terran 

Build Orders:  

Get SALT Encoding   

  12  0:02  SCV  
  13  0:14  SCV  
  14  0:22  Supply Depot  
  14  0:26  SCV  
  15  0:30  Refinery  
  15  0:44  SCV  
  15  0:46  Barracks  
  16  0:56  SCV  
  17  1:00  Refinery  
  17  1:08  SCV  
  18  1:20  SCV  
  19  1:33  Supply Depot  
  19  1:34  Reaper  
  19  1:37  Orbital Command  
  20  1:45  Factory  
  20  2:02  Supply Depot  
  20  2:04  SCV  
  21  2:16  SCV  
  21  2:21  Barracks Tech Lab  
  22  2:28  SCV  
  23  2:30  Starport  
  23  2:32  Factory Tech Lab  
  23  2:40  SCV  
  23  3:08  SCV  
  24  3:15  Siege Tank  
  24  3:17  Medivac  
  24  3:18  Command Center  
  29  3:24  SCV  
  29  3:25  Barracks  
  30  3:27  Marauder  
  30  3:31  Stimpack  
  32  3:37  SCV  
  33  3:49  SCV  
  34  4:01  Marine  
  35  4:06  Medivac  
  37  4:14  Siege Tank  
  40  4:17  SCV, Supply Depot  
  40  4:19  Marine  
  40  4:20  Barracks Reactor  
  40  4:22  Supply Depot  
  42  4:30  SCV  
  43  4:37  Marine  
  44  5:11  Marine x3  
  44  5:13  SCV x2  
  49  5:23  Barracks  
  49  5:24  Barracks  
  49  5:25  SCV  
  49  5:28  Engineering Bay  
  51  5:29  Orbital Command  
  51  5:30  Engineering Bay  
  51  5:34  Barracks  
  52  5:37  SCV  
  53  5:48  Starport Reactor  
  51  5:52  Barracks Reactor  
  51  5:53  Siege Tank  
  51  5:55  Marauder  
  56  5:58  Combat Shield  
  56  6:13  Liberator  
  56  6:17  Marauder  
  53  6:32  Medivac  
  58  6:34  Marine x4  
  58  6:36  Refinery  
  58  6:37  Marine  
  63  6:50  Siege Tank  
  63  6:51  Marine  
  63  6:52  Marine x2  
  69  6:57  Refinery  
  69  7:06  Supply Depot  
  69  7:07  Supply Depot x2, Terran Infantry Armor Level 1  
  69  7:11  Supply Depot  
  69  7:13  Medivac  
  71  7:22  Siege Tank  
  55  8:29  Marine x2  
  55  8:30  Marine x3  
  58  8:47  Marine x3  
  58  8:48  Marine x2  
  52  9:05  Marine x5  
  57  9:16  Siege Tank  
  60  9:23  Marine x5  
  65  9:27  Medivac  
  65  9:28  Medivac  
  69  9:31  Barracks  
  69  9:34  Barracks x2, Command Center  
  69  9:35  Barracks  
  69  9:39  Barracks  
  69  9:41  Marine x5  
  74  9:48  Siege Tank  
  77  9:56  Terran Infantry Weapons Level 1  
  77  9:57  Medivac  
  77  9:58  Marine, Medivac  
  77  9:59  Marine x4  
  86  10:01  Armory  
  86  10:05  Barracks Reactor  
  86  10:16  Marine x2  
  86  10:17  Marine  
  89  10:23  Marine x2  
  89  10:26  SCV  
  89  10:27  Medivac  
  89  10:28  Medivac  
  96  10:34  Marine x3  
  99  10:48  Marine x6  
  99  10:49  Marine  
  106  10:50  SCV  
  106  10:51  SCV  
  106  10:56  Orbital Command  
  108  11:01  Marine x2  
  108  11:02  SCV  
  108  11:03  Marine  
  112  11:06  Marine  
  113  11:15  Siege Tank, Medivac  
  113  11:18  SCV  
  119  11:19  SCV  
  119  11:25  Refinery x2  
  120  11:28  Terran Infantry Armor Level 2  
  92  11:47  Siege Tank  
  73  11:55  Marine x3  
  73  11:56  Marine x5  
  73  11:57  Marine x2  
  79  12:11  SCV  
  79  12:12  SCV x2  
  79  12:13  Marine x5  
  79  12:14  Marine x5  
  92  12:17  Terran Infantry Weapons Level 2  
  92  12:24  SCV x3  
  95  12:31  Marine x3  
  95  12:36  SCV x3  
  101  12:37  Barracks Tech Lab  
  101  12:39  Barracks Reactor x2  
  101  12:43  Marine  
  101  12:44  Marine x2  
  103  12:48  Marine, SCV x3  
  103  12:49  Marine x2  
  103  12:50  Barracks Reactor  
  110  12:56  Liberator x2  
  110  13:00  Command Center  
  110  13:16  Marine  
  110  13:17  Marine x2  
  110  13:18  Marine  
  120  13:28  Barracks Tech Lab  
  120  13:29  Barracks Reactor  
  120  13:34  Refinery  
  120  13:38  Refinery  
  120  13:41  Marine x5  
  121  13:47  Factory  
  125  13:55  Liberator x2  
  125  14:12  Marine x13, SCV  
  147  14:18  Supply Depot x2  
  147  14:19  SCV  
  147  14:20  Widow Mine, Supply Depot  
  140  14:48  Widow Mine  
  140  14:50  Marine x5  
  140  14:51  Marine x7  
  140  14:52  Marine x2  
  154  15:00  Planetary Fortress  
  154  15:08  Marine x7  
  154  15:09  Marine x5  
  154  15:11  Marine x2  
  170  15:17  Widow Mine  
  170  15:19  Factory Tech Lab  
  170  15:21  Factory Reactor  
  170  15:25  Marine x2  
Tags
 
Add a new tag
Caveats
  • Supply blocks, unpowered buildings, or Contaminate may cause inaccurate times.
  • Supply counts are checked every 10 seconds.